 Dungeon Crawl Stone Soup version 0.29-a0-520-gc852659d43 (webtiles) character file.

Game seed: 14287658134326987255

2534 Bruhh the Ogre Mage (level 9, -1/74 HPs)
             Began as an Ogre Necromancer on May 31, 2022.
             Was an Initiate of Kikubaaqudgha.
             Killed from afar by a kobold brigand (40 damage)
             ... with a bolt of acid
             ... on level 8 of the Dungeon.
             The game lasted 00:15:00 (8508 turns).

Bruhh the Ogre Mage (Ogre Necromancer)              Turns: 8508, Time: 00:15:00

Health: -1/74      AC:  8    Str: 14    XL:     9   Next: 55%
Magic:  4/22       EV:  9    Int: 20    God:    Kikubaaqudgha [......]
Gold:   398        SH:  0    Dex:  9    Spells: 10/27 levels left

rFire   . . .      SeeInvis .   n - +3 short sword
rCold   . . .      Faith    .   (no shield)
rNeg    . . .      Spirit   .   a - +1 robe
rPois   .          Reflect  .   (helmet restricted)
rElec   .          Harm     .   (no cloak)
rCorr   .          Rampage  .   (gloves unavailable)
Will    .....                   (boots unavailable)
Stlth   +.........              e - amulet of the acrobat
HPRegen 0.22/turn               d - +4 ring of protection
MPRegen 0.18/turn               i - ring of wizardry

@: animating dead
A: large, unfitting armour, tough skin 1
a: Renounce Religion


You were on level 8 of the Dungeon.
You worshipped Kikubaaqudgha.
Kikubaaqudgha was noncommittal.
You visited 2 branches of the dungeon, and saw 8 of its levels.

You collected 398 gold pieces.

Inventory:

Hand Weapons
 c - a +0 dagger
 m - a +0 whip
 n - a +3 short sword (weapon)
Armour
 a - a +1 robe (worn)
Jewellery
 b - a ring of wizardry
 d - a +4 ring of protection (left hand)
 e - an amulet of the acrobat (around neck)
 i - a ring of wizardry (right hand)
 j - a ring of poison resistance
Wands
 f - a wand of mindburst (11)
 s - a wand of charming (11)
 v - a wand of digging (11)
Scrolls
 g - 4 scrolls of enchant armour
 h - a scroll of identify
 p - 4 scrolls of poison
 q - a scroll of amnesia
 x - a scroll of teleportation
Potions
 k - a potion of might {unknown}
 l - a potion of haste
 o - 2 potions of attraction {unknown}
 t - 2 potions of heal wounds {unknown}
 u - a potion of berserk rage {unknown}
 w - a potion of flight {unknown}


   Skills:
 - Level 1.7 Dodging
 - Level 1.4 Stealth
 - Level 9.5 Spellcasting
 + Level 2.9 Hexes
 - Level 9.0 Necromancy


You had 10 spell levels left.
You knew the following spells:

 Your Spells              Type           Power      Damage    Failure   Level
a - Necrotize             Necr           100%       1d9       1%          1
b - Vampiric Draining     Necr           45%        2d9       1%          3
c - Animate Dead          Necr           45%        N/A       1%          4
d - Agony                 Necr           45%        N/A       1%          5
e - Anguish               Hex/Necr       16%        N/A       2%          4

Your spell library contained the following spells:

 Spells                   Type           Power      Damage    Failure   Level
 Ensorcelled Hibernation  Hex/Ice        30%        N/A       2%          2
 Confusing Touch          Hex            21%        N/A       2%          3
 Dazzling Flash           Conj/Hex       30%        N/A       4%          3
 Summon Guardian Golem    Hex/Summ       15%        N/A       4%          3
 Spider Form              Tmut/Pois      9%         N/A       9%          3
 Silence                  Hex/Air        7%         N/A       38%         5
 Yara's Violent Unravell  Hex/Tmut       7%         3d5       38%         5
 Enfeeble                 Hex            10%        N/A       99%         7
 Orb of Destruction       Conj           4%         9d5       100%        7
 Spellforged Servitor     Conj/Summ      4%         N/A       100%        7


Dungeon Overview and Level Annotations

Branches:
Dungeon (8/15)             Temple (1/1) D:7
   Lair: D:8-11

Altars:
Dithmenos
Elyvilon
Fedhas
Hepliaklqana
Kikubaaqudgha
Makhleb
Nemelex Xobeh
Okawaru
Sif Muna
Uskayaw
Vehumet
Wu Jian
Xom
The Shining One

Shops:
D:2 *

Annotations:
D:6 exclusions: door and 1 more exclusion


Innate Abilities, Weirdness & Mutations

You are too large for most types of armour.
You have tough skin. (AC +1)


Message History

The centaur barely misses you.
The kobold brigand zaps a wand.
The bolt of acid hits you!!
Your orc zombie hits the centaur but does no damage.
The centaur closely misses you.
The centaur kicks you but does no damage.
Items here: $ )) [[.
Casting: Animate Dead (dangerous; 1% risk of failure)
Confirm with . or Enter, or press ? or * to list all spells.
Aiming: Vampiric Draining (safe; 1% risk of failure)
Press: ? - help, Shift-Dir - straight line, f - kobold brigand
Aim: a kobold brigand, wielding a +0 short sword, quivering poisoned darts and carrying a wand of acid (4)
You draw life force from the kobold brigand!
You feel life coursing into your body! The kobold brigand barely misses you.
The centaur hits you but does no damage.
The centaur barely misses you.
Your orc zombie barely misses the centaur.
Unknown command.
Casting: Vampiric Draining (safe; 1% risk of failure)
Confirm with . or Enter, or press ? or * to list all spells.
Aiming: Vampiric Draining (safe; 1% risk of failure)
Press: ? - help, Shift-Dir - straight line, f/p - kobold brigand
Aim: a kobold brigand, wielding a +0 short sword, quivering poisoned darts and carrying a wand of acid (4) (heavily wounded)
You draw life force from the kobold brigand!
You feel life coursing into your body. The centaur hits you.
The centaur is wracked by anguish.
The centaur kicks you but does no damage.
The kobold brigand hits you but does no damage.
The centaur hits you but does no damage.
The centaur kicks you but does no damage.
Casting: Vampiric Draining (safe; 1% risk of failure)
Confirm with . or Enter, or press ? or * to list all spells.
Aiming: Vampiric Draining (safe; 1% risk of failure)
Press: ? - help, Shift-Dir - straight line, f/p - kobold brigand
Aim: a kobold brigand, wielding a +0 short sword, quivering poisoned darts and carrying a wand of acid (4) (severely wounded)
You draw life force from the kobold brigand!
You feel life coursing into your body.
The kobold brigand zaps a wand.
The bolt of acid hits you!!!
Ouch! That really hurt!
You die...
Kikubaaqudgha rasps: "You have failed me!
Welcome... death!"

#........##.#.#.#.#
########.##.#.#.#.#
############....#.#.#.#
............#####.#.#.#
#######'###.......#.#.#
##.####....>##...#
#...# ##.##.######
##Z## #.##.# #@# #....#
....!.ZcK..##.####
#.##.##.##.##.# # #.#
##.# $.$ #.# ### ##.#
##..# ####..## #....##


You could see a kobold brigand, a centaur (ally target, anguished), a friendly
gnoll shaman zombie and a friendly orc zombie.

Vanquished Creatures
  A manticore (D:7)
  A kobold demonologist (D:7)
  2 yaks
  A water moccasin (D:8)
  An ice beast (D:7)
  A phantom (D:6)
  A centaur (D:8)
  A kobold brigand (D:7)
  2 scorpions (D:5)
  A howler monkey (D:6)
  2 hounds
  2 jellies (D:5)
  2 iguanas (D:5)
  Terence (D:3)
  4 orc wizards
  5 adders
  2 shadow imps
  2 ufetubi (D:5)
  An orc zombie (D:5)
  2 worms
  A dart slug (D:1)
  16 orcs
  4 bats
  7 endoplasms
  4 giant cockroaches (D:2)
  6 hobgoblins (D:1)
  4 jackals (D:1)
  3 quokkas
  5 ball pythons
  4 frilled lizards
  3 goblins
  9 kobolds
  7 rats
108 creatures vanquished.

Vanquished Creatures (collateral kills)
  An endoplasm (D:1)
  A giant cockroach (D:1)
  A rat (D:2)
3 creatures vanquished.

Vanquished Creatures (others)
  Prince Ribbit (D:7)
  A yak (D:8)
  A steam dragon (D:6)
  A centaur (D:8)
  5 kobold zombies (D:7)
  A gnoll shaman (D:8)
  4 orc zombies
14 creatures vanquished.

Grand Total: 125 creatures vanquished

Notes
Turn   | Place    | Note
-------+----------+-------------------------------------------
     0 | D:1      | Bruhh the Ogre Necromancer began the quest for the Orb.
     0 | D:1      | Reached XP level 1. HP: 16/16 MP: 3/3
   182 | D:1      | Reached XP level 2. HP: 19/24 MP: 0/5
   720 | D:1      | Reached XP level 3. HP: 31/31 MP: 1/7
   815 | D:1      | Found a faded altar of an unknown god.
  1321 | D:2      | Learned a level 3 spell: Vampiric Draining
  1600 | D:2      | Found Vohitz's General Store.
  1620 | D:2      | Reached XP level 4. HP: 38/39 MP: 6/9
  2312 | D:3      | Noticed Terence
  2399 | D:3      | Killed Terence
  2612 | D:3      | Reached XP level 5. HP: 45/45 MP: 8/11
  2752 | D:3      | You fall into a shaft and drop 2 floors!
  2752 | D:5      | Entered Level 5 of the Dungeon
  2762 | D:5      | Reached skill level 5 in Necromancy
  2780 | D:5      | Reached skill level 5 in Spellcasting
  2780 | D:5      | Reached XP level 6. HP: 45/53 MP: 3/13
  2785 | D:5      | Learned a level 4 spell: Animate Dead
  3493 | D:5      | Reached XP level 7. HP: 59/59 MP: 10/16
  4560 | D:6      | Noticed a steam dragon
  4569 | D:6      | Learned a level 5 spell: Agony
  4998 | D:7      | Noticed a manticore
  5450 | D:7      | Noticed a kobold demonologist
  5454 | D:7      | Noticed a hellwing
  5462 | D:7      | Noticed a rust devil
  5462 | D:7      | Killed a kobold demonologist
  5463 | D:7      | Reached XP level 8. HP: 58/67 MP: 5/19
  5835 | D:7      | Found a staircase to the Ecumenical Temple.
  5844 | Temple   | Entered the Ecumenical Temple
  5989 | Temple   | Became a worshipper of Kikubaaqudgha
  6058 | D:7      | Killed a manticore
  6301 | D:7      | Noticed Prince Ribbit
  6320 | D:7      | Learned a level 4 spell: Anguish
  6329 | D:7      | Killed Prince Ribbit
  6743 | D:7      | Reached XP level 9. HP: 68/74 MP: 14/22
  7546 | D:8      | Reached skill level 1 in Hexes
  7567 | D:7      | HP: 2/74 [yak (14)]
  8508 | D:8      | Killed from afar by a kobold brigand

Illustrated notes

Levels and vault maps discovered:
D:1:      minmay_arrival_doors, layout_basic,
          dreamdust_ecumenical_altar_angels_and_demons
D:2:      layout_loops_ring, serial_shops, shop
D:3:      layout_rooms, kennysheep_generic_room_9, uniq_sigmund, uniq_terence
D:5:      layout_rooms
D:6:      layout_loops_corners
D:7:      layout_basic, minmay_temple_entry_junction, uniq_prince_ribbit1
D:8:      hangedman_cross_veins, layout_basic, hangedman_abyss_or_decor_clamps
Temple:   mainiacjoe_temple_circle_huts

Skill      XL: |  1  2  3  4  5  6  7  8  9 |
---------------+----------------------------+-----
Spellcasting   | 3 4 5 6 7 9 |  9.5
Necromancy     | 4 5 6 8 9 |  9.0
Hexes          | 2 |  2.9
Dodging        | |  1.7
Stealth        | |  1.4

Action                   |  1- 3 |  4- 6 |  7- 9 || total
-------------------------+-------+-------+-------++-------
Melee: Unarmed           |     1 |       |       ||     1
       Dagger            |    20 |     9 |       ||    29
       Whip              |       |     3 |       ||     3
       Short sword       |       |    70 |   149 ||   219
       Punch             |       |     1 |     2 ||     3
 Cast: Necrotize         |    67 |    63 |    52 ||   182
       Vampiric Draining |       |    18 |    16 ||    34
       Animate Dead      |       |     2 |     5 ||     7
       Agony             |       |       |     1 ||     1
       Anguish           |       |       |    12 ||    12
Evoke: Wand              |       |       |     2 ||     2
  Use: Potion            |       |     3 |     4 ||     7
       Scroll            |       |       |     4 ||     4
 Stab: Distracted        |       |       |     1 ||     1
Armor: Robe              |    17 |    47 |    95 ||   159
       Skin              |       |    23 |       ||    23
Dodge: Dodged            |    31 |    63 |   103 ||   197

Table legend: (Time is in decaauts)
 A = Elapsed time spent in this place.
 B = Non-inter-level travel time spent in this place.
 C = Inter-level travel time spent in this place.
 D = Time resting spent in this place.
 E = Time spent auto-exploring this place.
 F = Levels seen in this place.
 G = Mean time per level.
                   A        B        C        D        E       F      G
               +--------+--------+--------+--------+--------+-----+--------+
         Total |   8494 |   8070 |    424 |   1737 |   5173 |   8 | 1061.8 |
       Dungeon |   8327 |   7942 |    385 |   1737 |   5061 |   7 | 1189.6 |
        Temple |    166 |    127 |     39 |      0 |    112 |   1 |  166.0 |
               +--------+--------+--------+--------+--------+-----+--------+

Top non-repeatable levels by time:
     D:6: 1941 daAuts
     D:7: 1793 daAuts
     D:2: 1299 daAuts
     D:5: 1256 daAuts
     D:1: 1236 daAuts
     D:8: 582 daAuts
     D:3: 217 daAuts
  Temple: 166 daAuts
